[Event "Titled Tuesday Blitz March 28 Late 2023"]
[White "Sochacki, Christophe"]
[Black "Yeritsyan, Hayk"]
[WhiteFideId "662569"]
[BlackFideId "13307320"]
[WhiteElo "2474"]
[BlackElo "2442"]
[Result "1-0"]
[Round "05"]
[TimeControl "180+2"]
[Date "2023.03.28"]
[WhiteClock "0:00:01"]
[BlackClock "0:00:08"]

1. e4 c6 2. Nf3 d5 3. exd5 cxd5 4. Ne5 Nc6 5. d4 Nf6 6. c3 Bf5 7. Bf4 e6 8. Nd2 Bd6 9. Bb5 O-O 10. Bxc6 bxc6 11. Nxc6 Qc7 12. Bxd6 Qxd6 13. Na5 Rab8 14. Nab3 Bd3 15. Nf3 Bc4 16. Ne5 Rfc8 17. f3 a5 18. Nxa5 Rxb2 19. Naxc4 dxc4 20. O-O Nd5 21. Qe1 Nf4 22. Rf2 Rb7 23. Qe4 Nd5 24. Rc2 Qc7 25. Qe1 Rcb8 26. a4 h6 27. a5 Ra7 28. a6 Rba8 29. Rca2 Qd6 30. Nxc4 Qc6 31. Ne5 Qxc3 32. Qxc3 Nxc3 33. Rc2 Nd5 34. Rc6 Nb4 35. Rb6 Rxa6 36. Raxa6 Nxa6 37. Rb7 Rd8 38. Rxf7 Rxd4 39. Ra7 Nc5 40. Kf2 Nd3+ 41. Ke3 Nxe5 42. Ra8+ Kf7 43. Kxd4 Nc6+ 44. Kc5 Ne7 45. Kd6 Kf6 46. Rf8+ Kg6 47. Kxe7 Kh7 48. Kf7 g5 49. Rg8 h5 50. Rxg5 Kh6 51. h4 Kh7 52. Rxh5# 1-0


[Site "https://www.chess.com"]

[Event "Titled Tuesday Blitz March 28 Late 2023"]
[White "Lewicki, Miroslaw"]
[Black "Hoffmann, Asa"]
[WhiteFideId "1113380"]
[BlackFideId "2001470"]
[WhiteElo "2212"]
[BlackElo "2117"]
[Result "1-0"]
[Round "05"]
[TimeControl "180+2"]
[Date "2023.03.28"]
[WhiteClock "0:00:35"]
[BlackClock "0:00:09"]

1. g3 d6 2. Bg2 c6 3. Nf3 e5 4. O-O Nf6 5. d3 Be7 6. Nc3 h6 7. e4 Be6 8. d4 Qc7 9. d5 Bg4 10. h3 Bh5 11. g4 Bg6 12. Nh4 Bh7 13. Nf5 Bxf5 14. exf5 c5 15. f4 Nbd7 16. h4 h5 17. fxe5 Nxe5 18. g5 Nfg4 19. Ne4 f6 20. c4 a6 21. a4 Nxc4 22. Qb3 Nce5 23. Bf4 O-O 24. Rac1 b5 25. axb5 axb5 26. Qxb5 Rfb8 27. Qe2 Rb4 28. Bxe5 fxe5 29. f6 gxf6 30. gxf6 Bf8 31. Rf5 Qh7 32. Rcf1 Rab8 33. Rg5+ Kh8 34. f7 Bh6 35. Nxd6 Bxg5 36. f8=Q+ Rxf8 37. Rxf8+ Kg7 38. Rf7+ Kg8 39. Rxh7 Be3+ 40. Qxe3 Nxe3 41. Rb7 e4 42. Rxb4 cxb4 43. Nxe4 Nf5 44. Nf6+ Kf7 45. Nxh5 Nxh4 46. Be4 Ke7 47. Kf2 Kd6 48. Kg3 Ke5 49. Kxh4 Kxe4 50. d6 b3 51. d7 Kd3 52. d8=Q+ Kc2 53. Qd4 1-0


[Site "https://www.chess.com"]

[Event "Titled Tuesday Blitz March 28 Late 2023"]
[White "Taboas Rodriguez, Daniel"]
[Black "Ozdemir, Serhan Berat"]
[WhiteFideId "2208466"]
[BlackFideId "6374611"]
[WhiteElo "2365"]
[BlackElo "2015"]
[Result "0-1"]
[Round "05"]
[TimeControl "180+2"]
[Date "2023.03.28"]
[WhiteClock "0:00:47"]
[BlackClock "0:00:16"]

1. d4 Nf6 2. Nf3 g6 3. c4 Bg7 4. Nc3 O-O 5. e4 d6 6. Be2 Bg4 7. Be3 Nfd7 8. Ng1 Bxe2 9. Ngxe2 c5 10. O-O Nc6 11. Rc1 a6 12. b3 cxd4 13. Nxd4 Nxd4 14. Bxd4 Bxd4 15. Qxd4 Re8 16. Rfd1 Rc8 17. h4 Qa5 18. Qd5 Qb4 19. Qd2 Nf6 20. Nd5 Nxd5 21. exd5 Qxd2 22. Rxd2 b5 23. Rdc2 Rc5 24. b4 Rxc4 25. Rxc4 bxc4 26. Rxc4 Rb8 27. a4 Kg7 28. f4 h5 29. Kf2 Kf6 30. Ke3 Kf5 31. Kd3 Kg4 32. Kc3 Kxh4 33. Rc7 Kg3 34. Rxe7 Kxg2 35. Rxf7 Rh8 36. Rg7 h4 37. f5 h3 38. Rxg6+ Kf2 39. Re6 h2 0-1


[Site "https://www.chess.com"]

[Event "Titled Tuesday Blitz March 28 Late 2023"]
[White "Sokac, Marko"]
[Black "reevecanada"]
[WhiteFideId "14531356"]
[WhiteElo "2355"]
[BlackElo "2436"]
[Result "1-0"]
[Round "05"]
[TimeControl "180+2"]
[Date "2023.03.28"]
[WhiteClock "0:00:38"]
[BlackClock "0:00:49"]

1. e4 c5 2. a3 Nc6 3. b4 cxb4 4. axb4 Nxb4 5. d4 d5 6. c3 Nc6 7. exd5 Qxd5 8. Na3 Nf6 9. Nb5 Qd8 10. Bf4 Nd5 11. Qf3 e6 12. Bc4 Nxf4 13. Qxf4 Rb8 14. Nc7+ Ke7 15. Nf3 f6 16. Nb5 a6 17. Na7 Bd7 18. Nxc6+ Bxc6 19. O-O Kf7 20. Ng5+ Ke8 21. Nxe6 Qd6 22. Qf5 Bd7 23. Rfe1 Be7 24. Nxg7+ Kd8 25. Ne6+ Bxe6 26. Rxe6 Qc7 27. Rae1 Re8 28. Qd5+ Kc8 29. Bd3 Qxc3 30. Bf5 Kc7 31. Rxe7+ Rxe7 32. Rxe7+ Kb6 33. Re6+ Ka7 34. Qc5+ Qxc5 35. dxc5 Rc8 36. Rxa6+ Kxa6 37. Bxc8 Kb5 38. Bxb7 Kxc5 39. Be4 Kd6 40. Bxh7 Ke7 41. Bf5 Kf8 42. f4 1-0


[Site "https://www.chess.com"]

[Event "Titled Tuesday Blitz March 28 Late 2023"]
[White "Gonzalez, Francisco Silva"]
[Black "Atanasov, Anthony"]
[WhiteFideId "1512285"]
[BlackFideId "2623897"]
[WhiteElo "2074"]
[BlackElo "2206"]
[Result "1/2-1/2"]
[Round "05"]
[TimeControl "180+2"]
[Date "2023.03.28"]
[WhiteClock "0:00:32"]
[BlackClock "0:00:02"]

1. d4 Nf6 2. c4 g6 3. Nc3 d5 4. Bf4 Bg7 5. Nf3 O-O 6. e3 c5 7. dxc5 Qa5 8. Rc1 dxc4 9. Bxc4 Qxc5 10. Bb3 Nc6 11. O-O Qh5 12. h3 e5 13. Bg3 Bf5 14. Qe2 Rad8 15. e4 Bc8 16. Rfd1 Nd4 17. Nxd4 exd4 18. Qxh5 Nxh5 19. Nb5 Nxg3 20. fxg3 a6 21. Nc7 Bh6 22. Rc4 b5 23. Rc6 Bb7 24. Rb6 Bxe4 25. Rxa6 Be3+ 26. Kh2 d3 27. Ne6 fxe6 28. Rxe6 Bd5 29. Rxe3 Bxb3 30. axb3 Rf2 31. Rdxd3 Rxd3 32. Rxd3 Rxb2 33. g4 Kg7 34. g5 b4 35. h4 h5 36. Kh3 Rc2 37. Rd7+ Kg8 38. g3 Rc3 39. Rd6 Kh7 40. Rd7+ Kh8 41. Kg2 Rxb3 42. Rb7 Kg8 43. Rb6 Kf7 44. Rf6+ Kg7 45. Rb6 Rb1 46. Kh2 b3 47. Kg2 Rb2+ 48. Kf3 Rb1 49. Kg2 Kh7 50. Rb7+ Kh8 51. Rb6 Kg7 52. Rb7+ Kg8 53. Kf2 Kf8 54. Kg2 Ke8 55. Rb6 Kf7 56. Rf6+ Kg7 57. Rb6 1/2-1/2


[Site "https://www.chess.com"]

[Event "Titled Tuesday Blitz March 28 Late 2023"]
[White "Drori, Saar"]
[Black "Gatterer, Florian"]
[WhiteFideId "2812444"]
[BlackFideId "811688"]
[WhiteElo "2322"]
[BlackElo "2221"]
[Result "1/2-1/2"]
[Round "05"]
[TimeControl "180+2"]
[Date "2023.03.28"]
[WhiteClock "0:00:05"]
[BlackClock "0:00:37"]

1. e4 c5 2. Nf3 e6 3. d4 cxd4 4. Nxd4 Nf6 5. Nc3 Nc6 6. Be3 Bb4 7. Bd3 d5 8. O-O Nxd4 9. Bxd4 Bxc3 10. Bxc3 dxe4 11. Bb5+ Bd7 12. Qe2 Bxb5 13. Qxb5+ Qd7 14. Qb4 Qe7 15. Qb3 a5 16. Rfe1 O-O 17. Bxf6 Qxf6 18. Qxb7 Rab8 19. Qxe4 Rxb2 20. h3 g6 21. Qe5 Qxe5 22. Rxe5 Rc8 23. Rxa5 Rcxc2 24. a4 Rxf2 25. Rg5 h6 26. Rg3 Ra2 27. Ra3 Rxg2+ 28. Kh1 Rh2+ 29. Kg1 Rag2+ 30. Kf1 Rb2 31. Kg1 Rbg2+ 32. Kf1 Rf2+ 33. Kg1 Rfg2+ 1/2-1/2


[Site "https://www.chess.com"]

[Event "Titled Tuesday Blitz March 28 Late 2023"]
[White "Kazmaier, Daniel"]
[Black "Romanchuk, Viktor"]
[WhiteFideId "2606089"]
[BlackFideId "14109271"]
[WhiteElo "2429"]
[BlackElo "2242"]
[Result "0-1"]
[Round "05"]
[TimeControl "180+2"]
[Date "2023.03.28"]
[WhiteClock "0:00:09"]
[BlackClock "0:00:16"]

1. e4 c6 2. d4 d5 3. Nc3 dxe4 4. Nxe4 Nd7 5. Qe2 Ndf6 6. Nf3 Nxe4 7. Qxe4 Nf6 8. Qh4 Bf5 9. c3 e6 10. Bc4 Be7 11. O-O O-O 12. Re1 c5 13. dxc5 Bxc5 14. Bg5 Be7 15. Rad1 Qb6 16. Bb3 Rad8 17. Nd4 Bg6 18. Qg3 Ne4 19. Rxe4 Bxg5 20. Re2 Bf6 21. Red2 Bh5 22. Nf3 Rxd2 23. Rxd2 Rd8 24. h3 h6 25. Qf4 Rxd2 26. Nxd2 Bg5 27. Qb8+ Qd8 28. Qxd8+ Bxd8 29. Ne4 Be7 30. g4 Bg6 31. f3 Kf8 32. Kf2 Ke8 33. Ke3 Kd7 34. Kd4 Kc6 35. Bc4 f5 36. Bxe6 fxe4 37. fxe4 Kd6 38. Bd5 Bf6+ 39. Ke3 b6 40. a4 Ke5 41. b4 Be8 42. a5 bxa5 43. bxa5 Bd8 44. a6 Bb6+ 45. Kf3 Bb5 46. Bb7 Bd3 47. h4 g5 48. hxg5 hxg5 49. Bc8 Bxe4+ 50. Kg3 Ba5 51. c4 Bb6 52. Bd7 Bd3 53. Bb5 Bc5 54. Kf3 Kd4 55. Bc6 Bxc4 0-1


[Site "https://www.chess.com"]

[Event "Titled Tuesday Blitz March 28 Late 2023"]
[White "Rottenwohrer Suarez, Juan"]
[Black "Jocev, Milan"]
[WhiteFideId "32068182"]
[BlackFideId "900680"]
[WhiteElo "2174"]
[BlackElo "2323"]
[Result "1/2-1/2"]
[Round "05"]
[TimeControl "180+2"]
[Date "2023.03.28"]
[WhiteClock "0:00:17"]
[BlackClock "0:00:40"]

1. d4 Nf6 2. Bf4 d5 3. Nf3 c5 4. c4 Nc6 5. Nc3 Qa5 6. e3 Bg4 7. Qb3 O-O-O 8. Be2 cxd4 9. exd4 Bxf3 10. Bxf3 Nxd4 11. Qd1 Nxf3+ 12. Qxf3 d4 13. O-O dxc3 14. bxc3 e6 15. Rab1 Qa6 16. Rb5 Qc6 17. Qxc6+ bxc6 18. Rb8+ Kd7 19. Rd1+ Nd5 20. Rb7+ Kc8 21. Rb8+ Kd7 22. Rb7+ Kc8 23. Rb8+ Kd7 1/2-1/2


[Site "https://www.chess.com"]

[Event "Titled Tuesday Blitz March 28 Late 2023"]
[White "Melikhov, Evgeny V."]
[Black "Fiorito, Joaquin"]
[WhiteFideId "4122046"]
[BlackFideId "180173"]
[WhiteElo "2158"]
[BlackElo "2157"]
[Result "0-1"]
[Round "05"]
[TimeControl "180+2"]
[Date "2023.03.28"]
[WhiteClock "0:00:01"]
[BlackClock "0:00:14"]

1. d4 f6 2. e4 e6 3. Nc3 Ne7 4. Nf3 g6 5. Be3 a6 6. Qd2 b5 7. a3 d6 8. Bh6 Nd7 9. Bxf8 Nxf8 10. h4 Bb7 11. h5 g5 12. Be2 h6 13. O-O-O d5 14. exd5 Nxd5 15. Nxd5 Bxd5 16. Kb1 Rb8 17. Rc1 Kf7 18. c4 bxc4 19. Bxc4 c6 20. Bxd5 cxd5 21. Rc6 Nd7 22. Rhc1 Rb7 23. Qd3 f5 24. Qxa6 Qb8 25. b4 Re8 26. Ne5+ Nxe5 27. dxe5 Rbe7 28. Qe2 Qa7 29. Kb2 Ra8 30. Qe3 Qb7 31. g3 Rb8 32. f4 g4 33. Qc5 Rbe8 34. Rc7 Qa6 35. Rxe7+ Rxe7 36. Rc2 Qd3 37. Qc3 Qe4 38. Kb3 d4 39. Qc6 Qe3+ 40. Kb2 Qxg3 41. b5 d3 42. Rc3 Qf2+ 43. Kb3 d2 44. Qd6 Qxf4 45. Rd3 Rb7 46. a4 Qe4 47. Rxd2 Ra7 48. Qd4 Qb1+ 49. Ka3 Qc1+ 50. Kb3 Rc7 0-1


[Site "https://www.chess.com"]

[Event "Titled Tuesday Blitz March 28 Late 2023"]
[White "Lenaerts, Lennert"]
[Black "Rios Escobar, Adan"]
[WhiteFideId "211435"]
[BlackFideId "3403645"]
[WhiteElo "2334"]
[BlackElo "2421"]
[Result "1-0"]
[Round "05"]
[TimeControl "180+2"]
[Date "2023.03.28"]
[WhiteClock "0:00:37"]
[BlackClock "0:00:03"]

1. d4 Nf6 2. c4 g6 3. Nc3 Bg7 4. e4 d6 5. f3 O-O 6. Be3 a6 7. Nge2 Nc6 8. Qd2 Na5 9. Nc1 Nd7 10. Be2 c5 11. dxc5 Nxc5 12. b4 Ne6 13. O-O Nc6 14. a3 b5 15. cxb5 axb5 16. Nb3 Ba6 17. Rac1 Qb8 18. Nd5 Ned8 19. Na5 e6 20. Nxc6 Nxc6 21. Rxc6 exd5 22. exd5 Bb7 23. Rb6 Rxa3 24. Bxb5 Qa7 25. Bf2 Ba8 26. Ra6 Qxa6 27. Bxa6 Rxa6 28. b5 Ra4 29. Rc1 Rb8 30. b6 Ra6 31. h4 h5 32. Rc7 Bf6 33. Qf4 Kg7 34. Bd4 Bxd4+ 35. Qxd4+ Kg8 36. Qf6 Rf8 37. Qxd6 Bxd5 38. Qxd5 Rxb6 39. Rc6 Rxc6 40. Qxc6 Kg7 41. Kf2 Kg8 42. g4 hxg4 43. fxg4 Kg7 44. Kg3 Rh8 45. Qc3+ Kh7 46. Qf6 Kg8 47. Kf4 Rh7 48. Kg5 Rh8 49. h5 gxh5 50. gxh5 Rh7 51. h6 Rh8 52. Qg7# 1-0


[Site "https://www.chess.com"]

[Event "Titled Tuesday Blitz March 28 Late 2023"]
[White "Grebeniuk, Semen"]
[Black "Vafin, Ayrat"]
[WhiteFideId "14117509"]
[BlackFideId "4146530"]
[WhiteElo "2266"]
[BlackElo "2317"]
[Result "1-0"]
[Round "05"]
[TimeControl "180+2"]
[Date "2023.03.28"]
[WhiteClock "0:00:24"]
[BlackClock "0:00:01"]

1. d4 d5 2. c4 e6 3. Nf3 Nf6 4. Bg5 Be7 5. e3 O-O 6. Nc3 h6 7. Bh4 Ne4 8. Bxe7 Qxe7 9. Nxe4 dxe4 10. Nd2 f5 11. f4 exf3 12. Nxf3 Nd7 13. Qb3 e5 14. O-O-O e4 15. Nd2 c5 16. d5 Ne5 17. Be2 Bd7 18. Nb1 Qd6 19. Nc3 a6 20. a4 Rfb8 21. h3 b5 22. cxb5 axb5 23. Bxb5 c4 24. Qc2 Nd3+ 25. Kb1 Bxb5 26. Nxb5 Qxd5 27. Nc7 Qe5 28. Rxd3 cxd3 29. Qc4+ Kh7 30. Nb5 Rxa4 31. Qxa4 Rxb5 32. Qa3 Qc7 33. Rc1 Qb7 34. Qc3 Rb3 35. Qe5 d2 36. Rd1 Qd7 37. g4 Qd3+ 38. Ka2 Rb5 39. Qc3 Rd5 40. gxf5 Qa6+ 41. Kb1 Qd6 42. Qc4 Rd3 43. Qxe4 1-0


[Site "https://www.chess.com"]

[Event "Titled Tuesday Blitz March 28 Late 2023"]
[White "Janaszak, Dawid"]
[Black "Xie, Bryan"]
[WhiteFideId "1119206"]
[BlackFideId "30941296"]
[WhiteElo "2220"]
[BlackElo "2033"]
[Result "1-0"]
[Round "05"]
[TimeControl "180+2"]
[Date "2023.03.28"]
[WhiteClock "0:01:58"]
[BlackClock "0:01:48"]

1. e4 c5 2. Nc3 Nc6 3. Bb5 Nd4 4. Nf3 a6 5. Bd3 Nc6 6. O-O g6 7. b3 Bg7 8. Bb2 d6 9. Re1 Nf6 10. e5 dxe5 11. Nxe5 Nxe5 12. Rxe5 Qc7 13. Qe1 Ng4 14. Nd5 Bxe5 15. Nxc7+ Bxc7 16. Bxh8 Bxh2+ 17. Kh1 Bd6 18. Be2 Nh6 19. Bf3 Nf5 20. Be5 1-0


[Site "https://www.chess.com"]

[Event "Titled Tuesday Blitz March 28 Late 2023"]
[White "Onslow, Alfie"]
[Black "Aggelis, Nikolaos"]
[WhiteFideId "436976"]
[BlackFideId "4213220"]
[WhiteElo "2114"]
[BlackElo "2189"]
[Result "1-0"]
[Round "05"]
[TimeControl "180+2"]
[Date "2023.03.28"]
[WhiteClock "0:00:07"]
[BlackClock "0:00:16"]

1. e4 c6 2. Nf3 d5 3. exd5 cxd5 4. Ne5 Nd7 5. d4 a6 6. Bd3 g6 7. O-O Bg7 8. Qe2 Nxe5 9. dxe5 h5 10. Rd1 Nh6 11. c4 d4 12. Nd2 Bg4 13. Nf3 Qc7 14. Bf4 e6 15. h3 Bxf3 16. Qxf3 Bxe5 17. Bxe5 Qxe5 18. Qxb7 O-O 19. Qe4 Qc5 20. Qf4 Kg7 21. g4 hxg4 22. hxg4 Rfd8 23. Kg2 Qd6 24. Qxd6 Rxd6 25. f3 f5 26. Kg3 Nf7 27. b4 Kf6 28. a4 a5 29. b5 Rc8 30. Rab1 Rb6 31. Re1 Ne5 32. g5+ Kxg5 33. Rxe5 Kf6 34. f4 g5 35. Rbe1 gxf4+ 36. Kxf4 Rh8 37. c5 Rh4+ 38. Kg3 Rg4+ 39. Kf3 Rb8 40. Rxe6+ Kg5 41. Re8 Rb7 42. R1e7 Rxe7 43. Rxe7 Rh4 44. Re5 Rh3+ 45. Ke2 Rh2+ 46. Ke1 Kf4 47. Rxf5+ Ke3 48. Bf1 Rc2 49. Re5+ Kf3 50. c6 Rc1+ 51. Kd2 Kf4 52. Rd5 Rxf1 53. Rc5 Ke4 54. c7 Rf2+ 55. Ke1 d3 56. c8=Q Re2+ 57. Kd1 Re3 58. Qe6+ Kf3 59. Rf5+ Kg3 60. Qxe3+ Kg4 61. Qf3+ Kh4 62. Rh5# 1-0


[Site "https://www.chess.com"]

[Event "Titled Tuesday Blitz March 28 Late 2023"]
[White "Smith, Garrett L"]
[Black "Mendez Fortes, Eduardo Jesus"]
[WhiteFideId "2024829"]
[BlackFideId "3502376"]
[WhiteElo "2323"]
[BlackElo "2307"]
[Result "1/2-1/2"]
[Round "05"]
[TimeControl "180+2"]
[Date "2023.03.28"]
[WhiteClock "0:00:18"]
[BlackClock "0:00:15"]

1. e4 c5 2. a3 Nc6 3. b4 cxb4 4. axb4 Nxb4 5. d4 d5 6. c3 Nc6 7. exd5 Qxd5 8. Na3 e5 9. Nb5 Qd8 10. d5 Nb8 11. d6 Na6 12. Rxa6 bxa6 13. Nc7+ Kd7 14. Qa4+ Kxd6 15. Ne8+ Ke7 16. Ba3+ Ke6 17. Qc6+ Kf5 18. Bxf8 Nf6 19. Nxg7+ Kg6 20. Qxa8 Rxf8 21. Qxa7 Kxg7 22. Nf3 Qd5 23. Be2 Qe4 24. Qe3 Qxe3 25. fxe3 Re8 26. O-O Nd5 27. Ra1 Nxc3 28. Bxa6 Bg4 29. Bc4 Bxf3 30. gxf3 Rc8 31. Bb3 Rb8 32. Bc4 Rb4 33. Bd3 e4 34. Bxe4 Nxe4 35. fxe4 Rxe4 36. Kf2 h5 37. Rg1+ Kf6 38. Kf3 Ra4 39. Rb1 Ra5 40. Rb6+ Kg5 41. Rb4 f5 42. Kg3 Ra6 43. h4+ Kg6 44. Rb8 Re6 45. Rc8 Rxe3+ 46. Kg2 f4 47. Rb8 Rg3+ 48. Kh2 Kf5 49. Rb2 Kg4 50. Rb8 Kxh4 51. Rb4 Kg4 52. Rb5 Ra3 53. Rb8 Ra2+ 54. Kg1 Kg3 55. Rg8+ Kf3 56. Rh8 Ra1+ 57. Kh2 Ra2+ 58. Kg1 Ra5 59. Re8 h4 60. Rh8 Kg3 61. Rg8+ Kh3 62. Rh8 Ra1+ 63. Kf2 Ra3 64. Rf8 f3 65. Rxf3+ Rxf3+ 66. Kxf3 Kh2 67. Kf2 Kh1 68. Kf1 h3 69. Kf2 h2 70. Kf1 1/2-1/2


[Site "https://www.chess.com"]

[Event "Titled Tuesday Blitz March 28 Late 2023"]
[White "MKlose11"]
[Black "Nery Junior, Jose Antonio"]
[BlackFideId "2104822"]
[WhiteElo "2545"]
[BlackElo "2197"]
[Result "1-0"]
[Round "05"]
[TimeControl "180+2"]
[Date "2023.03.28"]
[WhiteClock "0:00:22"]
[BlackClock "0:00:01"]

1. e4 c5 2. Nc3 e6 3. g3 a6 4. Bg2 b5 5. d3 Bb7 6. Nh3 g6 7. O-O Bg7 8. f4 Ne7 9. e5 Bxg2 10. Kxg2 d5 11. exd6 Qxd6 12. Ne4 Qc7 13. Qf3 Ra7 14. a4 O-O 15. axb5 axb5 16. Rxa7 Qxa7 17. Be3 Nd7 18. b4 Qa2 19. Nxc5 Nf6 20. Rf2 Nfd5 21. c4 Nxe3+ 22. Qxe3 Qa3 23. Nd7 Rd8 24. Ne5 Qxb4 25. Ng5 bxc4 26. Ngxf7 Qb7+ 27. Kh3 Rf8 28. dxc4 Bxe5 29. Nxe5 Nf5 30. Qf3 Qxf3 31. Rxf3 Rc8 32. Ra3 Rc7 33. Ra6 Nd4 34. Rd6 Nc2 35. Rxe6 Kf8 36. Ra6 Ne3 37. Ra4 Ke7 38. Ra3 Nf5 39. Kg4 Nd6 40. Rc3 h5+ 41. Kf3 Nb5 42. Rc1 Nd4+ 43. Ke4 Nf5 44. Nxg6+ Kf6 45. Ne5 Nd6+ 46. Kd5 Nf5 47. c5 Ne3+ 48. Ke4 Nf5 49. c6 Nd6+ 50. Kd5 Nf5 51. Kc5 h4 52. Kb6 Rc8 53. c7 Nd6 54. Rd1 Ke6 55. gxh4 1-0


[Site "https://www.chess.com"]

[Event "Titled Tuesday Blitz March 28 Late 2023"]
[White "cryptoguru02"]
[Black "Bogaudinov, Rushan"]
[BlackFideId "4129288"]
[WhiteElo "2543"]
[BlackElo "1949"]
[Result "0-1"]
[Round "05"]
[TimeControl "180+2"]
[Date "2023.03.28"]
[WhiteClock "0:00:26"]
[BlackClock "0:00:09"]

1. d4 Nf6 2. c4 e6 3. Nc3 d5 4. Nf3 c5 5. cxd5 Nxd5 6. e3 Be7 7. Bd3 Nc6 8. O-O O-O 9. Nxd5 Qxd5 10. e4 Qh5 11. dxc5 Bxc5 12. a3 e5 13. b4 Bb6 14. b5 Nd4 15. Nxd4 Qxd1 16. Rxd1 Bxd4 17. Rb1 Bg4 18. Rd2 Rac8 19. Bb2 Bxb2 20. Rdxb2 Rfd8 21. Bf1 Be6 22. f3 Rc3 23. Ra1 h5 24. Kf2 h4 25. a4 Rdc8 26. Rd1 Ra3 27. Rbd2 Rxa4 28. Rd8+ Rxd8 29. Rxd8+ Kh7 30. Be2 a5 31. Rb8 Ra2 32. Ke3 Ra3+ 33. Kf2 Ra2 34. Ke1 a4 35. Rxb7 a3 36. Ra7 Ra1+ 37. Kf2 a2 38. Bd3 Rb1 39. b6 Rxb6 40. Ke3 Rb1 41. f4 exf4+ 42. Kxf4 a1=Q 43. Rxa1 Rxa1 44. e5+ g6 45. Kg5 Ra4 46. h3 Kg7 47. Be2 Re4 48. Bf3 Rxe5+ 49. Kf4 Rf5+ 50. Ke3 Rxf3+ 51. Kxf3 g5 52. Ke4 Kf6 53. Kf3 Ke5 54. Ke3 Bd5 55. Kf2 Kf4 56. Kf1 Kg3 57. Kg1 f6 58. Kf1 Bxg2+ 59. Kg1 Bxh3 60. Kh1 f5 61. Kg1 f4 62. Kh1 f3 63. Kg1 f2+ 64. Kh1 f1=Q# 0-1


[Site "https://www.chess.com"]

[Event "Titled Tuesday Blitz March 28 Late 2023"]
[White "Remolar Gallen, Jose"]
[Black "olga-belka"]
[WhiteFideId "2215187"]
[WhiteElo "2223"]
[BlackElo "2295"]
[Result "1-0"]
[Round "05"]
[TimeControl "180+2"]
[Date "2023.03.28"]
[WhiteClock "0:00:08"]
[BlackClock "0:00:03"]

1. d4 Nf6 2. c4 g6 3. Nc3 d5 4. cxd5 Nxd5 5. Bd2 Bg7 6. e4 Nb6 7. Be3 O-O 8. Be2 c5 9. d5 e6 10. dxe6 Bxe6 11. Bxc5 Re8 12. Qxd8 Rxd8 13. Rd1 Rxd1+ 14. Kxd1 N8d7 15. Be3 Rc8 16. Kd2 Ne5 17. Bxb6 axb6 18. Nf3 Nc4+ 19. Bxc4 Bxc4 20. a3 Rd8+ 21. Kc2 Bd3+ 22. Kb3 Bxc3 23. bxc3 Bxe4 24. Re1 Bd5+ 25. Kb4 Rc8 26. Re3 Kg7 27. Kb5 Rc6 28. Nd4 Bc4+ 29. Kb4 Rc7 30. g4 Bd5 31. Kb5 Rc4 32. Re5 Rc5+ 33. Kxb6 Rxc3 34. Rxd5 Rxa3 35. g5 Ra2 36. Rd7 Rb2+ 37. Kc7 Kf8 38. f4 b5 39. f5 gxf5 40. Nxf5 Rc2+ 41. Kb6 Ke8 42. Re7+ Kd8 43. Kxb5 Rxh2 44. Rxf7 Rg2 45. Rg7 Rf2 46. Nd6 Rg2 47. Kc6 Rc2+ 48. Kd5 Rd2+ 49. Ke6 Re2+ 50. Kf6 Rf2+ 51. Nf5 Rg2 52. Rxh7 Rf2 53. g6 Rg2 54. g7 Rg1 55. Rh8+ 1-0


[Site "https://www.chess.com"]

[Event "Titled Tuesday Blitz March 28 Late 2023"]
[White "angelgab3"]
[Black "Dubreuil, Julien"]
[BlackFideId "621285"]
[WhiteElo "2533"]
[BlackElo "2286"]
[Result "1-0"]
[Round "05"]
[TimeControl "180+2"]
[Date "2023.03.28"]
[WhiteClock "0:00:18"]
[BlackClock "0:00:17"]

1. e4 e5 2. Nf3 Nc6 3. Bb5 a6 4. Ba4 Nf6 5. O-O Be7 6. Re1 b5 7. Bb3 d6 8. c3 O-O 9. h3 Na5 10. Bc2 c5 11. d4 Qc7 12. d5 c4 13. Nbd2 Nb7 14. Nf1 Nc5 15. Ng3 a5 16. Nh4 g6 17. Bg5 b4 18. Qf3 Kg7 19. Nhf5+ gxf5 20. Bxf6+ Bxf6 21. Nh5+ Kh8 22. Nxf6 Qe7 23. Nh5 f4 24. Kh2 Qg5 25. g3 fxg3+ 26. Nxg3 b3 27. Bb1 Qf4 28. Qxf4 exf4 29. Nh5 f5 30. e5 Ne4 31. Bxe4 fxe4 32. Rxe4 Bf5 33. Ree1 Bg6 34. Nf6 dxe5 35. Nd7 Rfd8 36. Nxe5 Rxd5 37. Nxc4 Rc8 38. Nb6 Rcd8 39. Nxd5 Rxd5 40. axb3 Rd2 41. Kg1 Rxb2 42. Rxa5 Rxb3 43. Re7 Rb8 44. c4 Kg8 45. c5 Kf8 46. Re1 Rc8 47. Rc1 Ke7 48. Ra4 Ke6 49. Rxf4 Ke5 50. Rf3 Be4 51. Re3 Kf5 52. f3 Bc6 53. Kf2 Ra8 54. Rce1 Ra2+ 55. R1e2 Ra5 56. Re5+ Kf4 57. R5e3 Rxc5 58. Rd2 h5 59. Rd4+ Kf5 60. Kg3 Rc1 61. h4 Rg1+ 62. Kf2 Rc1 63. Rb4 Rc2+ 64. Kg3 Rc1 65. Rb8 Rg1+ 66. Kf2 Rh1 67. Rf8+ Kg6 68. Re6+ Kg7 69. Rf5 Bd7 70. Rg5+ Kf7 71. Re4 Rh2+ 72. Kg3 Rh3+ 73. Kf2 Rh2+ 74. Ke3 Bc6 75. Rc4 Bd7 76. Rxh5 1-0


[Site "https://www.chess.com"]

[Event "Titled Tuesday Blitz March 28 Late 2023"]
[White "Hajiyev, Kanan"]
[Black "Rose, Felix"]
[WhiteFideId "13404148"]
[BlackFideId "5105722"]
[WhiteElo "2103"]
[BlackElo "2039"]
[Result "0-1"]
[Round "05"]
[TimeControl "180+2"]
[Date "2023.03.28"]
[WhiteClock "0:00:03"]
[BlackClock "0:00:08"]

1. d4 d5 2. Nf3 Nf6 3. c4 e6 4. cxd5 exd5 5. Nc3 c6 6. Qc2 Be7 7. Bf4 O-O 8. e3 Nh5 9. Be5 Nd7 10. Bd3 g6 11. g4 Nxe5 12. dxe5 Bxg4 13. Nd2 Bh4 14. h3 Be6 15. Rh2 Qc7 16. Nf3 Be7 17. O-O-O Qd7 18. Nd4 Bxh3 19. Rdh1 Be6 20. Rxh5 gxh5 21. Rxh5 f5 22. Nxf5 Rae8 23. f4 Kh8 24. Nd6 Bxd6 25. Rxh7+ Qxh7 26. Bxh7 Bb4 27. Qg6 Bf5 28. Qh6 Bxh7 29. a3 Bxc3 30. bxc3 Rg8 31. c4 Rg6 32. Kb2 Rxh6 0-1


[Site "https://www.chess.com"]

[Event "Titled Tuesday Blitz March 28 Late 2023"]
[White "Belov, Alexei"]
[Black "Mendez Machado, Andre"]
[WhiteFideId "4128206"]
[BlackFideId "6603793"]
[WhiteElo "2532"]
[BlackElo "1984"]
[Result "1-0"]
[Round "05"]
[TimeControl "180+2"]
[Date "2023.03.28"]
[WhiteClock "0:01:26"]
[BlackClock "0:00:01"]

1. e4 e5 2. Nf3 Nc6 3. Bb5 a6 4. Ba4 Nf6 5. d4 exd4 6. O-O Bc5 7. e5 Nd5 8. Bb3 Nde7 9. Ng5 Nxe5 10. Re1 h6 11. Qh5 g6 12. Qh4 Nf5 13. Rxe5+ Be7 14. Rxf5 gxf5 15. Qh5 d6 16. Qxf7+ Kd7 17. Qxf5+ Kc6 18. Qd5+ Kb6 19. Nf7 Qf8 20. Qe4 Bf6 21. Nxh8 Qxh8 22. Nd2 Ka7 23. Nf3 Bd7 24. Qf4 Bc6 25. Bd2 Qg7 26. Qxh6 Qe7 27. Re1 Qd8 28. Qf4 Bh8 29. Nxd4 1-0


[Site "https://www.chess.com"]

[Event "Titled Tuesday Blitz March 28 Late 2023"]
[White "Araujo, Everson De Moura"]
[Black "Ibadov, Dashgyn"]
[WhiteFideId "22737197"]
[BlackFideId "24107514"]
[WhiteElo "2035"]
[BlackElo "2208"]
[Result "0-1"]
[Round "05"]
[TimeControl "180+2"]
[Date "2023.03.28"]
[WhiteClock "0:00:02"]
[BlackClock "0:01:13"]

1. d4 d5 2. Nc3 Nf6 3. Bf4 a6 4. e3 e6 5. Nf3 c5 6. Ne5 Nc6 7. g4 Nxe5 8. dxe5 Nd7 9. g5 Qc7 10. Qf3 Nxe5 11. Qg3 Bd6 12. O-O-O Bd7 13. Bg2 Bc6 14. h4 b5 15. h5 b4 16. Ne2 O-O-O 17. g6 hxg6 18. hxg6 Nxg6 0-1


[Site "https://www.chess.com"]

[Event "Titled Tuesday Blitz March 28 Late 2023"]
[White "Lopez Perdomo, Juan David"]
[Black "Chylewski, Patryk"]
[WhiteFideId "4405137"]
[BlackFideId "1186191"]
[WhiteElo "1965"]
[BlackElo "2163"]
[Result "0-1"]
[Round "05"]
[TimeControl "180+2"]
[Date "2023.03.28"]
[WhiteClock "0:00:11"]
[BlackClock "0:00:32"]

1. e4 c6 2. d4 d5 3. exd5 cxd5 4. Nf3 Nc6 5. Bd3 Bg4 6. c3 e6 7. O-O Nf6 8. Bg5 Be7 9. Nbd2 O-O 10. Re1 Rb8 11. Qc2 h6 12. Bh4 Rc8 13. Qa4 Nd7 14. Bg3 a6 15. Ne5 Ncxe5 16. dxe5 Bh5 17. Nb3 Nc5 18. Nxc5 Bxc5 19. Bh4 Be7 20. Bg3 Qb6 21. Qc2 Rfd8 22. Kh1 Qa5 23. f4 b5 24. f5 exf5 25. Bxf5 Rc4 26. e6 Bf6 27. e7 Re8 28. Bd6 Qb6 29. Bd7 Qxd6 30. Bxe8 Bxe7 31. a4 b4 32. a5 Bg6 33. Qe2 bxc3 34. Qxe7 Qxe7 35. Rxe7 cxb2 0-1


[Site "https://www.chess.com"]